 Dungeon Crawl Stone Soup version 0.16.0-17-g811c1d7 (console) character file.

158 gw the Cutter (level 5, -2/32 HPs)
             Began as a Kobold Gladiator on Mar 20, 2015.
             Slain by a hippogriff (4 damage)
             ... on level 3 of the Dungeon.
             The game lasted 00:03:25 (3004 turns).

gw the Cutter (Kobold Gladiator)                    Turns: 3004, Time: 00:03:25

Health: -2/32      AC:  7    Str: 13    XL:     5   Next: 67%
Magic:  5/5        EV: 15    Int:  6    God:
Gold:   133        SH:  0    Dex: 18    Spells: 0 memorised, 4 levels left

rFire  . . .     SeeInvis .     a - +0 rapier
rCold  + . .     Clarity  .     m - +0 ring mail
rNeg   . . .     SustAb   .     (no shield)
rPois  .         Gourm    .     c - +0 helmet
rElec  .         Spirit   .     n - +0 cloak
rCorr  .         Warding  .     (no gloves)
rMut   .         Stasis   .     (no boots)
MR     .....                    (no amulet)
Stlth  +.........               (no ring)
                                g - ring of protection from cold

@: lethally poisoned (-2 -> -4), not resistant to hostile enchantments, very
unstealthy
A: carnivore 3
a: no special abilities


You were on level 3 of the Dungeon.
You were completely stuffed.

You visited 1 branch of the dungeon, and saw 3 of its levels.

You collected 133 gold pieces.

Inventory:

Hand weapons
 a - a +0 rapier (weapon)
Missiles
 d - 3 throwing nets
 e - 109 stones (quivered)
Armour
 c - a +0 helmet (worn)
 m - a +0 ring mail (worn)
 n - a +0 cloak (worn)
Jewellery
 g - a ring of protection from cold (left hand)
Magical devices
 j - a wand of polymorph (5)
 k - a wand of magic darts (30)
Scrolls
 b - 2 scrolls of remove curse
 i - 2 scrolls of identify
 o - a scroll of enchant weapon {unknown}
 q - a scroll of recharging {unknown}
Potions
 l - a potion of brilliance
Comestibles
 f - 2 meat rations
 h - a beef jerky


   Skills:
 + Level 3.4 Fighting
 * Level 5.8 Short Blades
 + Level 4.0 Throwing
 + Level 4.3 Dodging


You had 4 spell levels left.
You didn't know any spells.

Dungeon Overview and Level Annotations

Branches:
Dungeon (3/15)

Altars:
Kikubaaqudgha


Innate Abilities, Weirdness & Mutations

You are small and have problems with some larger weapons.
You are carnivorous and can eat meat at any time.


Message History

Unknown command.
ATTACKING (-1,0)
You hit the goliath beetle but do no damage.
The goliath beetle is moderately wounded.
The adder bites you.
You are poisoned.
The adder poisons you! The hippogriff barely misses you.
The hippogriff closely misses you.
The hippogriff claws you but does no damage.
The goliath beetle closely misses you.
Unknown command.
Unknown command.
Unknown command.
Unknown command.
ATTACKING (-1,0)
You hit the goliath beetle but do no damage.
The goliath beetle is moderately wounded.
You feel sick. The adder misses you. The hippogriff bites you.
The hippogriff pecks you. The hippogriff claws you.
You die...

.# #......###.# ##
##..#### #.# #..######.#
#.........# ##.########
##.##### #......# #####
## ############..###.#
#.... .#
#......BKH....###.###.###
.#
#.#######S#..............
.# #......##.###.#.. ##
###.....#.# #.#.> ######
##...##.# #.# . .....#
#......# #.. . ####.#
##.##### ### #.##.# #.#
.}.### #+#


You could see a goliath beetle, a hippogriff and an adder.

Table legend:
 A = Turns spent in this place as a percentage of turns spent in the entire game.
 B = Non-inter-level travel turns spent in this place as a percentage of non-inter-level travel turns spent in the entire game.
 C = Inter-level travel turns spent in this place as a percentage of turns spent in this place.
 D = Turns resting spent in this place as a percentage of non-inter-level travel turns spent in this place.
 E = Turns spent auto-exploring this place as a percentage of non-inter-level travel turns spent in this place.
 F = Non-inter-level travel turns spent in this place divided by the number of levels of this place that you've seen.
                   A       B       C       D       E      F
               +-------+-------+-------+-------+-------+----------------------
         Total | 100.0 | 100.0 |   0.6 |   0.8 |   2.4 | 1501.0
       Dungeon | 100.0 | 100.0 |   0.6 |   0.8 |   2.4 | 1501.0
               +-------+-------+-------+-------+-------+----------------------

Table legend:
 A = Kills in this place as a percentage of kills in entire the game.
 B = Kills by you in this place as a percentage of kills by you in the entire game.
 C = Kills by friends in this place as a percentage of kills by friends in the entire game.
 D = Other kills in this place as a percentage of other kills in the entire game.
 E = Experience gained in this place as a percentage of experience gained in the entire game.
 F = Experience gained in this place divided by the number of levels of this place that you have seen.
                   A       B       C       D       E      F
               +-------+-------+-------+-------+-------+----------------------
         Total | 100.0 | 100.0 |  -nan |  -nan | 100.0 |  75.7
       Dungeon | 100.0 | 100.0 |  -nan |  -nan | 100.0 |  75.7
               +-------+-------+-------+-------+-------+----------------------

Vanquished Creatures
  A vampire bat (D:3)
  4 adders
  2 giant mites
  2 worms (D:3)
  A giant gecko (D:2)
  2 orcs (D:3)
  4 bats
  3 bat skeletons (D:3)
  2 bat zombies (D:3)
  7 goblins
  9 hobgoblins
  4 jackals (D:1)
  3 giant cockroaches
  5 giant newts
  3 kobolds (D:1)
  3 quokkas (D:2)
  2 rats
57 creatures vanquished.

Notes
Turn   | Place    | Note
--------------------------------------------------------------
     0 | D:1      | gw, the Kobold Gladiator, began the quest for the Orb.
     0 | D:1      | Reached XP level 1. HP: 12/12 MP: 1/1
   284 | D:1      | Reached XP level 2. HP: 18/18 MP: 2/2
   595 | D:1      | Reached XP level 3. HP: 17/22 MP: 3/3
  1412 | D:2      | Reached skill level 5 in Short Blades
  1412 | D:2      | Reached XP level 4. HP: 23/28 MP: 4/4
  2219 | D:3      | Reached XP level 5. HP: 29/32 MP: 5/5
  2574 | D:3      | Found an ancient bone altar of Kikubaaqudgha.
  2980 | D:3      | Noticed a hippogriff
  3004 | D:3      | Slain by a hippogriff

Action                   |  1- 3 |  4- 6 || total
-------------------------+-------+-------++-------
Melee: Rapier            |    92 |    79 ||   171
Throw: Stone             |    51 |    88 ||   139
  Use: Potion            |     5 |     3 ||     8
       Scroll            |     2 |     2 ||     4
  Eat: Chunk             |     9 |     6 ||    15

Vault maps used:
D:1:      minmay_arrival_shattered_statue
D:3:      kennysheep_vampire_church, first_bread
